 Dungeon Crawl Stone Soup version 0.26-a0-710-g95a0c6c400 (webtiles) character file.

Game seed: 16279363294134437843

4061 robertstho the Cleaver (level 10, 0/139 HPs)
             Began as a Minotaur Berserker on Oct 30, 2020.
             Was a High Priest of Trog.
             Slain by Harold
             ... wielding a +0 dire flail
              (35 damage)
             ... on level 8 of the Dungeon.
             The game lasted 00:09:18 (6579 turns).

robertstho the Cleaver (Minotaur Berserker)         Turns: 6579, Time: 00:09:18

Health: 0/139      AC: 12    Str: 19    XL:     10   Next: 5%
Magic:  9/9        EV: 10    Int:  8    God:    Trog [*****.]
Gold:   405        SH:  0    Dex: 11    Spells: 9/9 levels left

rFire    . . .     SeeInvis .   y - +1 hand axe of the Thoughtful Souls {holy, MR++ Int+3}
rCold    . . .     Faith    .   (no shield)
rNeg     . . .     Spirit   .   u - +0 chain mail
rPois    +         Reflect  .   (helmet restricted)
rElec    .         Harm     .   (no cloak)
rCorr    .         Rampage  .   b - +0 pair of gloves
MR       ++...                  (no boots)
Stlth    ..........             o - amulet of regeneration
HPRegen  0.73/turn              n - ring of poison resistance
MPRegen  0.11/turn              j - -4 ring of strength (curse)

@: berserking, very quick
A: retaliatory headbutt, horns 2
a: Berserk, Trog's Hand, Brothers in Arms, Renounce Religion


You were on level 8 of the Dungeon.
You worshipped Trog.
Trog was extremely pleased with you.
You visited 1 branch of the dungeon, and saw 8 of its levels.

You collected 405 gold pieces.

Inventory:

Hand Weapons
 y - the +1 hand axe of the Thoughtful Souls (weapon) {holy, MR++ Int+3}
   (You found it on level 6 of the Dungeon)

   It has been blessed by the Shining One to cause great damage to the undead
   and demons.
   It affects your intelligence (+3).
   It affects your resistance to hostile enchantments.
Armour
 b - a +0 pair of gloves (worn)
 u - a +0 chain mail (worn)
Jewellery
 a - an uncursed ring of protection from cold
 g - a +6 ring of strength
 j - a cursed -4 ring of strength (right hand)
 l - an uncursed ring of flight
 n - a ring of poison resistance (left hand)
 o - an amulet of regeneration (around neck)
 w - a +4 ring of evasion
 A - an uncursed amulet of the acrobat {unknown}
Wands
 c - a wand of digging (6)
 q - a wand of acid (10)
 x - a wand of paralysis (9)
Scrolls
 d - 5 scrolls of teleportation
 i - 2 scrolls of blinking
 k - 3 scrolls of enchant weapon
 m - 3 scrolls of fear
 s - 3 scrolls of remove curse
Potions
 e - a potion of stabbing
 f - 3 potions of heal wounds
 h - 2 potions of haste
 p - a potion of magic
 r - 2 potions of curing
 t - a potion of ambrosia
 v - a potion of might
 z - 4 potions of flight


   Skills:
 * Level 9.8 Fighting
 + Level 10.7 Axes
 * Level 9.4 Armour
 + Level 4.9 Dodging
 + Level 2.0 Stealth


You had 9 spell levels left.
You didn't know any spells.
Your spell library was empty.

Dungeon Overview and Level Annotations

Branches:
Dungeon (8/15)             Temple (0/1) D:6
   Lair: D:8-11

Altars:
Ashenzari
Elyvilon
Makhleb
Okawaru
Qazlal
Ru
Uskayaw
Vehumet
Yredelemnul

Annotations:
D:8 Harold


Innate Abilities, Weirdness & Mutations

You reflexively headbutt those who attack you in melee.
You have a pair of horns on your head.


Message History

You closely miss Harold.
Harold is lightly wounded.
You hit Harold but do no damage.
Harold is lightly wounded.
Harold hits you with a +0 dire flail.
A red film seems to cover your vision as you go berserk!
You feel yourself moving faster!
You feel mighty! Harold hits you with a +0 dire flail!!
You barely miss Harold.
Harold is lightly wounded.
You slash Harold!
Harold is lightly wounded.
Harold hits you with a +0 dire flail!
* * * LOW HITPOINT WARNING * * *
You slash Harold! You headbutt Harold!
Harold is heavily wounded.
You hit Harold. You headbutt Harold!
Harold is severely wounded.
Harold hits you with a +0 dire flail!!
You die...

........#####.#
.#...#).......# ##
#)######## ####))######
#..........# ########
#..........# #.....(#
#..........# #......#
#..........# #@.....#
............###@.....#
.......#.###.......)..#
.......... #####.....>#
.......#. #......#
...... .......# ....
#[.....# ########


You could see Harold (strong).

Vanquished Creatures
  Sigmund (D:3)
  6 yaks (D:6)
  Eustachio (D:5)
  2 water moccasins
  An orc warrior (D:7)
  2 ice beasts (D:6)
  2 sky beasts
  A black bear (D:4)
  A centaur (D:7)
  2 ogres
  2 big kobolds
  4 bullfrogs
  A scorpion (D:4)
  6 killer bees (D:7)
  3 wights (D:6)
  2 howler monkeys
  A bullfrog zombie (D:7)
  A crimson imp (D:6)
  A quasit (D:3)
  7 hounds
  2 orc priests
  4 centaur skeletons
  A gnoll shaman (D:6)
  Jessica (D:3)
  An iguana (D:4)
  Terence (D:3)
  An orc wizard (D:5)
  2 worker ants (D:4)
  7 gnolls (D:6)
  A howler monkey skeleton (D:6)
  12 adders
  A shadow imp (D:5)
  A white imp (D:7)
  4 ufetubi
  An ooze (D:2)
  An adder zombie (D:6)
  4 worms
  2 dart slugs
  3 leopard geckos
  20 orcs
  4 bats
  5 giant cockroaches
  9 goblins
  4 hobgoblins
  15 jackals
  4 quokkas
  A ball python (D:4)
  7 frilled lizards
  14 kobolds
  2 leopard gecko skeletons
  A quokka skeleton (D:4)
  7 rats
190 creatures vanquished.

Notes
Turn   | Place    | Note
-------+----------+-------------------------------------------
     0 | D:1      | robertstho the Minotaur Berserker began the quest for the
                  | Orb.
     0 | D:1      | Reached XP level 1. HP: 19/19 MP: 0/0
   234 | D:1      | Reached XP level 2. HP: 20/27 MP: 1/1
   745 | D:1      | Reached skill level 4 in Axes
  1009 | D:2      | Reached XP level 3. HP: 34/34 MP: 2/2
  1101 | D:2      | Reached skill level 5 in Fighting
  1327 | D:2      | Reached XP level 4. HP: 41/42 MP: 3/3
  1455 | D:2      | Reached ** piety under Trog
  2106 | D:3      | Noticed Terence
  2108 | D:3      | Noticed Sigmund
  2113 | D:3      | Killed Terence
  2113 | D:3      | Reached XP level 5. HP: 48/48 MP: 4/4
  2117 | D:3      | Killed Sigmund
  2117 | D:3      | Reached skill level 5 in Axes
  2117 | D:3      | Reached XP level 6. HP: 57/57 MP: 5/5
  2185 | D:3      | Found a radiant altar of Vehumet.
  2243 | D:3      | Noticed Jessica
  2248 | D:3      | Killed Jessica
  2621 | D:4      | Reached skill level 1 in Stealth
  2799 | D:4      | Found a white marble altar of Elyvilon.
  2814 | D:4      | Reached skill level 6 in Axes
  2814 | D:4      | Reached XP level 7. HP: 64/64 MP: 6/6
  3120 | D:4      | Reached *** piety under Trog
  3139 | D:4      | Reached skill level 5 in Armour
  3411 | D:4      | Found a hide-covered altar of Uskayaw.
  3691 | D:5      | Entered Level 5 of the Dungeon
  3704 | D:5      | Reached skill level 7 in Axes
  3979 | D:5      | Found an iron altar of Okawaru.
  4042 | D:5      | Found a sacrificial altar of Ru.
  4042 | D:5      | Noticed Eustachio
  4063 | D:5      | Killed Eustachio
  4063 | D:5      | Reached XP level 8. HP: 73/73 MP: 7/7
  4633 | D:6      | Reached skill level 8 in Axes
  4648 | D:6      | Reached **** piety under Trog
  4770 | D:6      | Found a staircase to the Ecumenical Temple.
  4805 | D:6      | Found a broken altar of Ashenzari.
  4861 | D:6      | Found a stormy altar of Qazlal.
  4879 | D:6      | Got a dazzling hand axe
  4879 | D:6      | Identified the +1 hand axe of the Thoughtful Souls {holy,
                  | MR++ Int+3} (You found it on level 6 of the Dungeon)
  5001 | D:6      | Reached XP level 9. HP: 64/81 MP: 8/8
  5173 | D:6      | Reached skill level 9 in Axes
  5216 | D:6      | Found a basalt altar of Yredelemnul.
  5323 | D:6      | Found a burning altar of Makhleb.
  5640 | D:7      | Reached skill level 10 in Axes
  6039 | D:7      | Reached ***** piety under Trog
  6504 | D:8      | Reached XP level 10. HP: 84/92 MP: 9/9
  6563 | D:8      | Noticed Harold
  6579 | D:8      | Slain by Harold

Illustrated notes

Levels and vault maps discovered:
D:1:      ncdulo_halloftheorcs, layout_loops_cross, minmay_misc_feat_pillars
D:2:      layout_basic, minivault_14
D:3:      layout_rooms, lemuel_crystal_altar, serial_corexii_hall,
          corexii_hall_statues_t, corexii_hall_statues_l,
          corexii_hall_statues_s, chequers_hall_statues_wall_a, uniq_terence,
          uniq_sigmund, uniq_jessica
D:4:      layout_cave_pools, elyvilon_altar_5, eat_drink_and_be_merry_uskayaw,
          minmay_three_crescents
D:5:      layout_loops_ring, nicolae_ru_great_annihilating_truth,
          okawaru_trees_2, uniq_eustachio
D:6:      layout_loops_corners, evilmike_ruin_ashenzari, lemuel_round_altar,
          lemuel_doored_altar, makhleb_grotto_becter,
          minmay_temple_entry_glassed_door
D:7:      layout_basic, serial_rivers, chequers_serial_rivers_marsh,
          chequers_serial_rivers_micro_e, chequers_serial_rivers_room_a,
          chequers_serial_rivers_micro_c, chequers_serial_rivers_micro_b
D:8:      layout_rooms, uniq_harold

Skill      XL: |  1  2  3  4  5  6  7  8  9 |
---------------+----------------------------+-----
Fighting       | 4 5 6 7 8 9 |  9.8
Axes           | 4 5 6 7 8 10 | 10.7
Armour         | 3 4 6 7 9 |  9.4
Dodging        | 3 4 |  4.9
Stealth        | 1 2 |  2.0

Action                   |  1- 3 |  4- 6 |  7- 9 | 10-12 || total
-------------------------+-------+-------+-------+-------++-------
Melee: Hand axe          |    73 |    78 |   271 |    35 ||   457
       Headbutt          |    12 |    19 |    55 |     9 ||    95
       War axe           |       |       |   121 |       ||   121
Invok: Berserk           |       |     1 |     4 |     1 ||     6
  Use: Scroll            |       |     9 |     5 |       ||    14
       Potion            |       |     2 |       |       ||     2
 Stab: Invisible         |       |       |     1 |       ||     1
       Paralysed         |       |       |     2 |       ||     2
Armor: Animal skin       |     9 |     2 |       |       ||    11
       Scale mail        |       |    37 |    67 |       ||   104
       Chain mail        |       |       |    79 |     9 ||    88
Dodge: Dodged            |    50 |    62 |   253 |    12 ||   377

Table legend: (Time is in decaauts)
 A = Elapsed time spent in this place.
 B = Non-inter-level travel time spent in this place.
 C = Inter-level travel time spent in this place.
 D = Time resting spent in this place.
 E = Time spent auto-exploring this place.
 F = Levels seen in this place.
 G = Mean time per level.
                   A        B        C        D        E       F      G
               +--------+--------+--------+--------+--------+-----+--------+
         Total |   6596 |   6179 |    417 |     53 |   5044 |   8 |  824.5 |
       Dungeon |   6596 |   6179 |    417 |     53 |   5044 |   8 |  824.5 |
               +--------+--------+--------+--------+--------+-----+--------+

Top non-repeatable levels by time:
     D:2: 1235 daAuts
     D:6: 1178 daAuts
     D:1: 1040 daAuts
     D:4: 911 daAuts
     D:7: 850 daAuts
     D:5: 781 daAuts
     D:3: 525 daAuts
     D:8: 74 daAuts
